 Dungeon Crawl Stone Soup version 0.24-a0-446-g87df7205b4 (webtiles) character file.

Game seed: 13197274975540178589

12388 emperorscorpion the Cleaver (level 11, -1/99 HPs)
             Began as a Deep Dwarf Berserker on June 23, 2019.
             Was a High Priest of Trog.
             Slain by an orc warrior
             ... wielding a +0 long sword
              (13 damage)
             ... on level 2 of the Orcish Mines.
             The game lasted 00:29:01 (2538 turns).

emperorscorpion the Cleaver (Deep Dwarf Berserker)  Turns: 2538, Time: 00:29:02

Health: -1/99      AC: 13    Str: 23    XL:     11   Next: 61%
Magic:  0/5        EV:  5    Int:  9    God:    Trog [*****.]
Gold:   395        SH: 18    Dex: 15    Spells: 10/10 levels left

rFire    + . .     SeeInvis .   a - +1 war axe (chop)
rCold    + . .     Gourm    .   g - +0 large shield
rNeg     . . .     Faith    .   j - +0 plate armour
rPois    .         Spirit   +   (no helmet)
rElec    .         Reflect  .   s - scarf {rC+ rF+}
rCorr    .         Harm     .   (no gloves)
MR       +....                  (no boots)
Stlth    ..........             h - amulet of guardian spirit
HPRegen  0.00/turn              i - ring of flight
MPRegen  0.09/turn              D - +5 ring of dexterity

@: berserk cooldown, non-regenerating, drained
A: damage resistance, heal wounds, clumsy 1, sense surroundings 2, no
regeneration
a: Heal Wounds, Berserk, Trog's Hand, Brothers in Arms, Renounce Religion, Evoke
Flight


You were on level 2 of the Orcish Mines.
You worshipped Trog.
Trog was extremely pleased with you.
You were hungry.

You visited 2 branches of the dungeon, and saw 13 of its levels.

You collected 503 gold pieces.
You spent 108 gold pieces at shops.

Inventory:

Hand Weapons
 a - a +1 war axe of chopping (weapon)
 b - a +1 flail of venom
 d - a +0 spear
 t - a +0 war axe
Missiles
 q - 6 atropa-tipped darts (quivered)
 w - 2 throwing nets
 E - 13 boomerangs
Armour
 e - a +0 ring mail
 g - a +0 large shield (worn)
 j - a +0 plate armour (worn)
 k - a +0 cloak
 p - a +0 animal skin
 s - a scarf of resistance (worn)
Jewellery
 h - an amulet of guardian spirit (around neck)
 i - a ring of flight (left hand)
 D - a +5 ring of dexterity (right hand)
Wands
 l - a wand of enslavement (4)
 m - a wand of random effects (18)
 r - a wand of iceblast (7)
 u - a wand of clouds (2)
 A - a wand of paralysis (8)
 C - a wand of scattershot (4)
Scrolls
 f - 2 scrolls of identify
 n - a scroll of fog
 o - 2 scrolls of remove curse
 x - a scroll of magic mapping
 y - a scroll of fear
Potions
 v - a potion of lignification
 z - a potion of heal wounds {unknown}
Comestibles
 c - 8 rations


   Skills:
 + Level 6.9(5.9) Fighting
 + Level 13.2(11.9) Axes
 + Level 7.9(6.8) Armour
 + Level 3.5(2.6) Dodging
 + Level 1.1(0.2) Stealth
 + Level 10.6(9.4) Shields
 + Level 2.7(1.8) Evocations


You had 10 spell levels left.
You didn't know any spells.
Your spell library contained the following spells:

 Spells                   Type           Power        Failure   Level  Hunger
 Poisonous Vapours        Pois/Air       #.....       100%        2    ###....
 Conjure Flame            Conj/Fire      #.......     100%        3    ####...
 Mephitic Cloud           Conj/Pois/Air  #.......     100%        3    ####...
 Freezing Cloud           Conj/Ice/Air   #.........   100%        6    #######
 Ring of Flames           Chrm/Fire      #.........   100%        7    #######


Dungeon Overview and Level Annotations

Branches:
Dungeon (11/15)               Orc (2/2) D:10            Elf (0/3) Orc:2
 Temple: D:4-7         Lair: D:8-11

Altars:
Kikubaaqudgha
Makhleb

Shops:
D:9 ?   D:10 :

Annotations:
D:11 Snorg


Innate Abilities, Weirdness & Mutations

You are resistant to damage.
You can heal yourself by infusing magical energy.
You passively map the area around you.
You do not regenerate.
You are clumsy. (Dex -2)


Message History

The orc wizard seems to speed up.
You block the orc wizard's attack.
The orc priest looks satisfied for a moment.
The orc wizard mumbles some strange words.
The orc wizard blinks!
You block the orc warrior's attack.
The orc priest hits you but does no damage.
Unknown command.
Unknown command.
You closely miss the orc wizard. You slash the orc priest!
You barely miss the orc priest. You hit the orc.
You kill the orc!
Trog accepts your kill.
You closely miss the orc warrior.
Your plate armour prevents you from hitting the orc warrior.
The orc wizard casts a cantrip, but nothing happens.
The orc wizard barely misses you.
The orc priest invokes the aid of Beogh against you.
Beogh smites you!
* * * LOW HITPOINT WARNING * * *
The orc warrior hits you with a +0 long sword!!
You die...

*##.....#*
....#.........####
*....>$##
*..$.##..##..... #
####..##
#.......#*#.. ####
##....... * *
##........
##......... *
#..§.......
#)o)......
***#@oo.....
#ooo.....o
..#o.§.....
#......#o.$.. *
#.#. ..#...... *
#.,............, *
# .# ...... ...,
,,, , ##
..######.o.* , *
,,


You could see 2 orc warriors, 5 orc priests and 3 orc wizards.

Vanquished Creatures
  An orc warlord (Orc:2)
  2 two-headed ogres
  5 orc sorcerers (Orc:2)
  Maurice (D:9)
  Joseph (D:8)
  A centaur skeleton (D:11)
  A troll (Orc:1)
  Grinder (D:6)
  A hippogriff (D:10)
  Eustachio (D:4)
  2 hungry ghosts (D:10)
  3 wargs
  Edmund (D:5)
  Duvessa (D:5)
  2 porcupines (D:10)
  3 ice beasts
  A sky beast (D:10)
  15 orc warriors
  8 ogres
  2 phantoms
  2 centaurs
  A crocodile (D:10)
  A big kobold (D:8)
  A bullfrog (D:9)
  Dowan (D:5)
  2 scorpions
  A water moccasin skeleton (D:8)
  3 troll zombies (D:10)
  3 howler monkeys (D:10)
  3 crimson imps
  A quasit (D:8)
  2 hounds
  2 bullfrog zombies
  10 orc wizards
  13 orc priests
  An iguana (D:7)
  Ijyb (D:4)
  4 worker ants
  3 ogre zombies (D:10)
  A hound zombie (D:8)
  A hound skeleton (D:9)
  A worker ant zombie (D:5)
  4 gnolls (Orc:2)
  6 adders
  A shadow imp (D:10)
  An adder skeleton (D:4)
  3 leopard geckos
  43 orcs
  A bat (D:2)
  3 goblins
  A hobgoblin (D:4)
  19 jackals
  2 quokkas
  3 goblin zombies (D:10)
  4 hobgoblin zombies (D:10)
  A jackal skeleton (D:7)
  3 kobolds
  3 orc skeletons (D:10)
  15 orc zombies
  A rat (D:3)
225 creatures vanquished.

Vanquished Creatures (others)
  Harold (D:8)
  A human (D:4)
  An orc priest (D:8)
  An orc wizard (D:8)
  An orc (D:8)
5 creatures vanquished.

Grand Total: 230 creatures vanquished

Notes
Turn   | Place    | Note
-------+----------+-------------------------------------------
     0 | D:1      | emperorscorpion the Deep Dwarf Berserker began the quest
                  | for the Orb.
     0 | D:1      | Reached XP level 1. HP: 20/20 MP: 1/1
   259 | D:2      | Reached XP level 2. HP: 27/27 MP: 0/2
   573 | D:2      | You fall into a shaft and drop 1 floor!
   618 | D:4      | Noticed Ijyb
   620 | D:4      | Reached XP level 3. HP: 34/34 MP: 0/3
   621 | D:4      | Noticed a phantom
   625 | D:4      | Killed Ijyb
   625 | D:4      | Reached skill level 4 in Axes
   625 | D:4      | Reached skill level 1 in Shields
   626 | D:4      | Reached XP level 4. HP: 29/42 MP: 0/4
   628 | D:4      | Reached XP level 5. HP: 31/49 MP: 0/5
   630 | D:4      | Reached ** piety under Trog
   684 | D:4      | Killed a phantom
   684 | D:4      | Reached skill level 5 in Axes
   684 | D:4      | Reached XP level 6. HP: 54/57 MP: 0/6
   728 | D:4      | Found an ancient bone altar of Kikubaaqudgha.
   731 | D:4      | Noticed a human
   732 | D:4      | Killed a human
   772 | D:4      | Noticed Eustachio
   792 | D:4      | Killed Eustachio
   792 | D:4      | Reached skill level 6 in Axes
   792 | D:4      | Reached XP level 7. HP: 62/63 MP: 0/7
   809 | D:5      | Entered Level 5 of the Dungeon
   823 | D:5      | Noticed Dowan
   823 | D:5      | Noticed Duvessa
   845 | D:5      | Killed Duvessa
   863 | D:5      | Found a burning altar of Makhleb.
   883 | D:5      | Noticed Edmund
   897 | D:5      | Killed Edmund
   898 | D:5      | Killed Dowan
   898 | D:5      | Reached skill level 7 in Axes
   997 | D:6      | Reached XP level 8. HP: 27/72 MP: 0/8
  1034 | D:6      | Noticed Grinder
  1067 | D:6      | Paralysed by Grinder for 7 turns
  1079 | D:6      | Killed Grinder
  1111 | D:7      | Reached skill level 5 in Shields
  1121 | D:7      | Reached skill level 8 in Axes
  1234 | D:8      | Reached *** piety under Trog
  1330 | D:8      | Noticed Joseph
  1357 | D:8      | HP: 2/73 [Joseph/+2 quarterstaff of protection (14)]
  1359 | D:8      | Killed Joseph
  1359 | D:8      | Reached skill level 9 in Axes
  1388 | D:8      | Noticed Harold
  1391 | D:8      | Gained mutation: You passively map the area around you.
                  | [Deep Dwarf growth]
  1391 | D:8      | Reached XP level 9. HP: 28/79 MP: 0/9
  1419 | D:8      | Killed Harold
  1419 | D:8      | Reached skill level 5 in Fighting
  1419 | D:8      | Reached skill level 5 in Armour
  1419 | D:8      | Reached skill level 1 in Evocations
  1509 | D:9      | Noticed a two-headed ogre
  1561 | D:9      | Killed a two-headed ogre
  1561 | D:9      | Reached skill level 10 in Axes
  1567 | D:9      | Found Qess's Magic Scroll Emporium.
  1581 | D:9      | Bought a scroll of fog for 24 gold pieces
  1581 | D:9      | Bought a scroll of magic mapping for 42 gold pieces
  1581 | D:9      | Bought a scroll of fear for 42 gold pieces
  1597 | D:9      | Noticed Maurice
  1634 | D:9      | Killed Maurice
  1738 | D:8      | Reached XP level 10. HP: 66/88 MP: 0/10
  1821 | D:10     | Entered Level 10 of the Dungeon
  1909 | D:11     | Reached **** piety under Trog
  1931 | D:11     | Noticed a two-headed ogre
  1942 | D:11     | Killed a two-headed ogre
  1942 | D:11     | Reached skill level 11 in Axes
  1942 | D:11     | Reached skill level 1 in Stealth
  2034 | D:10     | Found Yhucluec's Book Boutique.
  2042 | D:11     | Noticed Snorg
  2058 | D:10     | Found a staircase to the Orcish Mines.
  2152 | D:10     | Reached ***** piety under Trog
  2169 | Orc:1    | Entered Level 1 of the Orcish Mines
  2204 | Orc:2    | Entered Level 2 of the Orcish Mines
  2204 | Orc:2    | Found a staircase to the Elven Halls.
  2204 | Orc:2    | Noticed an orc sorcerer
  2204 | Orc:2    | Noticed an orc sorcerer
  2212 | Orc:2    | Reached skill level 12 in Axes
  2212 | Orc:2    | Killed an orc sorcerer
  2222 | Orc:2    | Killed an orc sorcerer
  2222 | Orc:2    | Reached XP level 11. HP: 77/97 MP: 0/11
  2225 | Orc:2    | Noticed an orc warlord
  2305 | Orc:2    | Killed an orc warlord
  2313 | Orc:2    | Reached skill level 10 in Shields
  2321 | Orc:2    | Noticed an orc sorcerer
  2334 | Orc:2    | Gained mutation: You are clumsy. (Dex -2) [a neqoxec]
  2337 | Orc:2    | Killed an orc sorcerer
  2337 | Orc:2    | Reached skill level 13 in Axes
  2503 | Orc:1    | You fall into a shaft and drop 1 floor!
  2506 | Orc:2    | Noticed an orc sorcerer
  2520 | Orc:2    | Noticed an orc sorcerer
  2524 | Orc:2    | HP: 4/99 [orc priest/nerve-wracking pain (8)]
  2527 | Orc:2    | Noticed a sun demon
  2529 | Orc:2    | Killed an orc sorcerer
  2533 | Orc:2    | Noticed a soul eater
  2536 | Orc:2    | Killed an orc sorcerer
  2537 | Orc:2    | Received a gift from Trog
  2538 | Orc:2    | Slain by an orc warrior

Levels and vault maps discovered:
D:1:      dpeg_arrival_circle_labyrinth_c, layout_basic
D:2:      layout_basic, minmay_misc_feat_secret_circle, minmay_octomino_c4,
          uniq_sigmund
D:3:      layout_loops_ring, grunt_temple_overflow_open, old_standard_altar,
          overflow_temple_1_default, nrook_mini_vaults, uniq_robin, uniq_jessica
D:4:      layout_cave_pools, minivault_14, tgw_kikubaaqudgha,
          uniq_crazy_yiuf_cottage, uniq_eustachio, uniq_ijyb
D:5:      layout_rooms, bloody_makhleb, nicolae_ru_great_annihilating_truth,
          first_ration, nicolae_tso_besieged_by_evil, uniq_duvessa, uniq_edmund
D:6:      layout_loops_ring, serial_shops, shop, fountainhead, uniq_grinder
D:7:      layout_cave_pods, overflow_temple_1_default, lemuel_round_altar,
          lemuel_temple_firewalk_a, kennysheep_generic_room_15
D:8:      layout_basic, uniq_harold, uniq_psyche, uniq_joseph
D:9:      layout_loops_corners, serial_shops, shop, grunt_livestock,
          lemuel_statue_altar, uniq_maurice
D:10:     kennysheep_spiral_hall, layout_basic, grunt_lair_entry_orc_guard_hut,
          zombieorc2_lemuel, serial_glass, glass_columns_a, glass_columns_a,
          serial_shops, shop, chequers_mini_garden
D:11:     layout_roguey, st_stairs_14, uniq_snorg
Orc:1:    layout_caves
Orc:2:    st_orc_mages, layout_diamond_mine, statue_in_the_mist_lemuel

Skill      XL: |  1  2  3  4  5  6  7  8  9 10 11 |
---------------+----------------------------------+-----
Fighting       | 3 4 5 6 |  6.9
Axes           | 4 5 6 7 9 10 12 13 | 13.2
Shields        | 1 2 3 4 6 8 9 10 | 10.6
Armour         | 3 4 6 7 |  7.9
Dodging        | 3 |  3.5
Evocations     | 2 |  2.7
Stealth        | 1 |  1.1

Action                   |  1- 3 |  4- 6 |  7- 9 | 10-12 || total
-------------------------+-------+-------+-------+-------++-------
Melee: Hand axe          |    51 |    19 |       |       ||    70
       War axe           |       |    55 |   290 |   318 ||   663
Throw: Dart              |       |       |       |     1 ||     1
Invok: Berserk           |     2 |     2 |     7 |     7 ||    18
       Trog's Hand       |       |       |     2 |     3 ||     5
 Abil: Heal Wounds       |       |     2 |    12 |    22 ||    36
Evoke: Wand              |       |       |    11 |     1 ||    12
  Use: Scroll            |     5 |       |       |       ||     5
       Potion            |     1 |       |     3 |     2 ||     6
  Eat: Chunk             |       |     2 |    10 |     8 ||    20
       Ration            |       |       |     1 |     2 ||     3
Armor: Ring mail         |    20 |       |       |       ||    20
       Plate armour      |    33 |    68 |   112 |   191 ||   404
       Skin              |       |       |       |     3 ||     3
Dodge: Dodged            |    10 |     6 |    29 |    55 ||   100
Block: Large shield      |    62 |    69 |   247 |   431 ||   809

Table legend:
 A = Non-vault XP
 B = Vault XP
 C = Vault XP percentage of total XP
 D = Non-vault monster count
 E = Vault monster count
 F = Vault count percentage of total count
                 A         B        C        D         E       F
            +---------+---------+-------+---------+---------+-------
      Total |   12730 |    4968 |  28.1 |     170 |      56 |  24.8
            +---------+---------+-------+---------+---------+-------
        D:1 |       6 |       0 |   0.0 |       3 |       0 |   0.0
        D:2 |      31 |       0 |   0.0 |      10 |       0 |   0.0
        D:3 |       3 |       0 |   0.0 |       2 |       0 |   0.0
        D:4 |     507 |     239 |  32.0 |      24 |       2 |   7.7
        D:5 |      50 |     382 |  88.4 |       7 |       4 |  36.4
        D:6 |     215 |     267 |  55.4 |       5 |       1 |  16.7
        D:7 |     498 |       0 |   0.0 |      12 |       0 |   0.0
        D:8 |     822 |    1253 |  60.4 |      23 |       2 |   8.0
        D:9 |    1200 |     508 |  29.7 |       6 |       1 |  14.3
       D:10 |     724 |    1364 |  65.3 |      10 |      38 |  79.2
       D:11 |    1340 |       0 |   0.0 |       6 |       0 |   0.0
      Orc:1 |    1594 |       0 |   0.0 |      28 |       0 |   0.0
      Orc:2 |    5740 |     955 |  14.3 |      34 |       8 |  19.0
            +---------+---------+-------+---------+---------+-------
